 Dungeon Crawl Stone Soup version 0.26-a0-649-gf8c6c3aab7 (webtiles) character file.

Game seed: 13365005332791741592

728 oldriver the Firebug (level 7, -3/55 HPs)
             Began as a Hill Orc Fire Elementalist on Sept 26, 2020.
             Was an Initiate of Makhleb.
             Slain by an adder (4 damage)
             ... on level 4 of the Dungeon.
             The game lasted 00:15:46 (6094 turns).

oldriver the Firebug (Hill Orc Fire Elementalist)   Turns: 6094, Time: 00:15:46

Health: -3/55      AC:  5    Str: 11    XL:     7   Next: 72%
Magic:  12/12      EV:  9    Int: 17    God:    Makhleb [......]
Gold:   151        SH:  0    Dex: 17    Spells: 5/13 levels left

rFire    + + .     SeeInvis .   c - +0 scythe (vorpal)
rCold    . . .     Faith    .   (shield currently unavailable)
rNeg     . . .     Spirit   .   h - +2 robe {rC+ rF+}
rPois    .         Reflect  .   (no helmet)
rElec    .         Harm     .   (no cloak)
rCorr    .         Rampage  .   (no gloves)
MR       .....                  k - +0 pair of boots
Stlth    ++........             (no amulet)
HPRegen  0.18/turn              j - ring of fire
MPRegen  0.13/turn              r - +6 ring of dexterity

@: lethally poisoned (-3 -> -47), constricted
A: no striking features
a: Renounce Religion


You were on level 4 of the Dungeon.
You worshipped Makhleb.
Makhleb was noncommittal.
You visited 1 branch of the dungeon, and saw 4 of its levels.

You collected 151 gold pieces.

Inventory:

Hand Weapons
 c - a +0 vorpal scythe (weapon)
 s - a +1 dagger of flaming
Armour
 h - a +2 robe of resistance (worn)
 k - a +0 pair of boots (worn)
Jewellery
 j - a ring of fire (left hand)
 l - a cursed ring of teleportation {unknown}
 o - an uncursed amulet of guardian spirit
 r - a +6 ring of dexterity (right hand)
Scrolls
 d - 3 scrolls of fear {unknown}
 e - 5 scrolls of remove curse
 f - 7 scrolls of identify
 n - a scroll of enchant weapon {unknown}
 p - a scroll of enchant armour {unknown}
 t - a scroll of magic mapping {unknown}
Potions
 a - a potion of magic {unknown}
 b - 2 potions of lignification
 i - a potion of curing
 q - 2 potions of brilliance
 u - a potion of flight
 v - a potion of cancellation


   Skills:
 * Level 2.2 Fighting
 + Level 0.1 Short Blades
 + Level 0.1 Polearms
 + Level 1.8 Dodging
 + Level 2.1 Stealth
 + Level 0.5 Unarmed Combat
 * Level 3.6 Spellcasting
 * Level 4.4 Conjurations
 * Level 5.7 Fire Magic


You had 5 spell levels left.
You knew the following spells:

 Your Spells              Type           Power        Failure   Level
a - Foxfire               Conj/Fire      ####         1%          1
b - Conjure Flame         Conj/Fire      ####....     6%          3
c - Sticky Flame          Conj/Fire      ####....     21%         4

Your spell library contained the following spells:

 Spells                   Type           Power        Failure   Level
 Inner Flame              Hex/Fire       ###.....     16%         3
 Fireball                 Conj/Fire      ####......   50%         5


Dungeon Overview and Level Annotations

Branches:
Dungeon (4/15)
 Temple: D:4-7

Altars:
Fedhas
Makhleb
Uskayaw

Shops:
D:4 *

Annotations:
D:4 exclusion: oklob plant


Message History

As you read the scroll labeled FUAHEGHARAM, it crumbles to dust.
It is a scroll of amnesia.
Really abort (and waste the scroll)? [Y]es or [N]o only, please.
Really abort (and waste the scroll)?
Okay, then.
You feel sick. The water moccasin bites you.
* * * LOW HITPOINT WARNING * * *
You are lethally poisoned!
The water moccasin poisons you! The adder bites you but does no damage.
The ball python closely misses you.
* * * LOW HITPOINT WARNING * * *
The ball python constricts you. The adder bites you.
* * * LOW HITPOINT WARNING * * *
You are more poisoned.
The adder poisons you! The water moccasin bites you!
* * * LOW HITPOINT WARNING * * *
You are more poisoned.
The water moccasin poisons you! The adder bites you.
You die...

........(...##..........#
......=.................#
............###.........#
........)...# #.#########
............# #.######
............###......##
..........#..##.......##
#......#...#...S.......#
#...........#..S@.....(#
................SS.....#
...................[...#
.......................#
.#...........##.......##
.##...##.....#.........#
###########.##.........#
# #.##.........# ###
#.##.........#


You could see a water moccasin, 2 adders and a ball python.

Vanquished Creatures
  Sigmund (D:2)
  2 ogres (D:4)
  3 orc priests
  Jessica (D:2)
  2 iguanas (D:4)
  A worker ant (D:4)
  9 adders
  2 oozes
  2 worms
  4 dart slugs
  3 leopard geckos
  8 orcs
  9 bats
  5 giant cockroaches
  15 goblins
  7 hobgoblins
  3 jackals (D:3)
  A quokka (D:3)
  2 ball pythons
  13 frilled lizards
  10 kobolds
  10 rats
113 creatures vanquished.

Vanquished Creatures (collateral kills)
  7 foxfires (D:4)
7 creatures vanquished.

Vanquished Creatures (others)
  391 foxfires
391 creatures vanquished.

Grand Total: 511 creatures vanquished

Notes
Turn   | Place    | Note
-------+----------+-------------------------------------------
     0 | D:1      | oldriver the Hill Orc Fire Elementalist began the quest for
                  | the Orb.
     0 | D:1      | Reached XP level 1. HP: 14/14 MP: 3/3
    76 | D:1      | Reached XP level 2. HP: 14/20 MP: 0/4
   781 | D:1      | Reached XP level 3. HP: 26/26 MP: 3/5
  1505 | D:2      | Reached skill level 4 in Fire Magic
  1603 | D:2      | Reached XP level 4. HP: 34/34 MP: 0/6
  2219 | D:2      | Noticed Jessica
  2226 | D:2      | Killed Jessica
  2446 | D:2      | Reached XP level 5. HP: 39/39 MP: 4/8
  2581 | D:2      | Found a hide-covered altar of Uskayaw.
  2972 | D:2      | Noticed Sigmund
  3199 | D:2      | Killed Sigmund
  3199 | D:2      | Reached skill level 5 in Fire Magic
  3199 | D:2      | Reached XP level 6. HP: 20/46 MP: 1/10
  3624 | D:2      | Learned a level 3 spell: Conjure Flame
  3629 | D:2      | Learned a level 4 spell: Sticky Flame
  4444 | D:3      | Reached XP level 7. HP: 20/51 MP: 7/11
  4822 | D:3      | Reached skill level 1 in Fighting
  5056 | D:3      | Found a burning altar of Makhleb.
  5074 | D:3      | Became a worshipper of Makhleb the Destroyer
  5900 | D:4      | Found a blossoming altar of Fedhas.
  5911 | D:4      | Noticed an oklob plant
  6077 | D:4      | Found Aliam's Serpentskin Sales.
  6094 | D:4      | HP: 1/55 [water moccasin (8)]
  6094 | D:4      | Slain by an adder

Illustrated notes

Levels and vault maps discovered:
D:1:      dpeg_arrival_pits, layout_basic, hangedman_abyss_or_decor_stabs
D:2:      minmay_angry_zag, layout_basic, lemuel_round_altar, uniq_jessica,
          uniq_sigmund
D:3:      layout_basic, old_standard_altar, minmay_goblin_outpost
D:4:      layout_rooms, tgw_fedhas, guppyfry_shop_venom

Skill      XL: |  1  2  3  4  5  6  7 |
---------------+----------------------+-----
Fire Magic     | 4 5 |  5.7
Spellcasting   | 2 3 |  3.6
Conjurations   | 2 3 4 |  4.4
Stealth        | 2 |  2.1
Fighting       | 2 |  2.2
Short Blades   | |  0.1
Polearms       | |  0.1
Dodging        | |  1.8
Unarmed Combat | |  0.5

Action                   |  1- 3 |  4- 6 |  7- 9 || total
-------------------------+-------+-------+-------++-------
Melee: Unarmed           |     6 |     4 |       ||    10
       Dagger            |       |     5 |       ||     5
       Scythe            |       |     5 |     2 ||     7
 Cast: Foxfire           |    72 |   154 |    77 ||   303
       Conjure Flame     |       |       |     1 ||     1
  Use: Potion            |       |     8 |     1 ||     9
       Scroll            |       |       |     5 ||     5
Armor: Robe              |    15 |    10 |    11 ||    36
       Skin              |       |     1 |       ||     1
Dodge: Dodged            |    34 |    57 |    22 ||   113

Table legend: (Time is in decaauts)
 A = Elapsed time spent in this place.
 B = Non-inter-level travel time spent in this place.
 C = Inter-level travel time spent in this place.
 D = Time resting spent in this place.
 E = Time spent auto-exploring this place.
 F = Levels seen in this place.
 G = Mean time per level.
                   A        B        C        D        E       F      G
               +--------+--------+--------+--------+--------+-----+--------+
         Total |   6101 |   5963 |    138 |   1830 |   2824 |   4 | 1525.2 |
       Dungeon |   6101 |   5963 |    138 |   1830 |   2824 |   4 | 1525.2 |
               +--------+--------+--------+--------+--------+-----+--------+

Top non-repeatable levels by time:
     D:2: 2147 daAuts
     D:1: 1576 daAuts
     D:3: 1430 daAuts
     D:4: 947 daAuts
